 Dungeon Crawl Stone Soup version 0.26.1-13-g052cdd8df3 (webtiles) character file.

Game seed: 14468660145335646254

175 sankara the Ruffian (level 5, -2/40 HPs)
             Began as a Minotaur Transmuter on Jan 19, 2022.
             Slain by an orc priest
             ... wielding a +0 dagger
              (3 damage)
             ... on level 3 of the Dungeon.
             The game lasted 00:05:43 (3023 turns).

sankara the Ruffian (Minotaur Transmuter)           Turns: 3023, Time: 00:05:44

Health: -2/40      AC:  2    Str: 14    XL:     5   Next: 29%
Magic:  1/6        EV: 20    Int: 10    God:
Gold:   114        SH:  0    Dex: 17    Spells: 1/7 levels left

rFire    + . .     SeeInvis .     - Unarmed
rCold    . . .     Faith    .   (shield currently unavailable)
rNeg     . . .     Spirit   .   (armour currently unavailable)
rPois    x         Reflect  .   (helmet currently unavailable)
rElec    .         Harm     .   (cloak currently unavailable)
rCorr    .         Rampage  .   (gloves currently unavailable)
Will     .....                  (boots currently unavailable)
Stlth    ++........             (no amulet)
HPRegen  0.13/turn              q - ring of protection from fire
MPRegen  0.10/turn              (no ring)

@: spider-form (expiring)
A: tiny, (retaliatory headbutt)
a: End Transformation


You were on level 3 of the Dungeon.
You were a venomous arachnid creature.
You visited 1 branch of the dungeon, and saw 3 of its levels.

You collected 114 gold pieces.

Inventory:

Missiles
 f - 120 stones
 h - 13 poisoned darts
Armour
 a - a +0 robe (melded)
 j - a +0 cloak
Jewellery
 q - a ring of protection from fire (left front leg)
Scrolls
 b - 2 scrolls of identify {unknown}
 c - a scroll of magic mapping {unknown}
 l - a scroll of blinking {unknown}
 n - a scroll of teleportation {unknown}
 o - a scroll of amnesia {unknown}
 p - 2 scrolls of immolation {unknown}
Potions
 d - a potion of flight {unknown}
 e - a potion of lignification {unknown}
 g - a potion of attraction {unknown}
 i - 2 potions of degeneration {unknown}
 k - 2 potions of curing {unknown}
 m - a potion of mutation {unknown}


   Skills:
 - Level 1.2 Fighting
 - Level 2.1 Dodging
 + Level 4.8 Unarmed Combat
 - Level 1.5 Spellcasting
 * Level 3.3 Transmutations
 * Level 1.1 Poison Magic


You had one spell level left.
You knew the following spells:

 Your Spells              Type           Power        Failure   Level
a - Beastly Appendage     Tmut           14%          22%         1
b - Wereblood             Tmut           7%           30%         2
c - Spider Form           Tmut/Pois      2%           58%         3

Your spell library contained the following spells:

 Spells                   Type           Power        Failure   Level
 Magic Dart               Conj           0%           54%         1
 Blink                    Tloc           N/A          67%         2
 Call Imp                 Summ           0%           67%         2
 Slow                     Hex            0%           67%         2
 Mephitic Cloud           Conj/Pois/Air  1%           83%         3
 Conjure Flame            Conj/Fire      0%           86%         3
 Ice Form                 Ice/Tmut       4%           95%         4
 Blade Hands              Tmut           3%           98%         5


Dungeon Overview and Level Annotations

Branches:
Dungeon (3/15)

Altars:


Innate Abilities, Weirdness & Mutations

((You reflexively headbutt those who attack you in melee.))
((You have a pair of horns on your head.))


Message History

You barely miss the orc. The orc wizard casts a spell at you.
The puff of frost hits you. The orc misses you.
You hit the orc.
The orc is poisoned.
The orc is heavily wounded.
The orc priest calls upon Beogh to heal the orc.
The orc's wounds heal themselves!
The orc misses you.
The orc wizard hits you but does no damage.
The orc hits you with a +1 falchion of protection!
An orc comes into view.
It is wielding a +1 short sword of speed.
The orc looks more healthy.
The orc misses you.
The orc shouts!
You bite the orc priest!
The orc priest is poisoned.
The orc priest is heavily wounded.
The orc completely misses you.
The orc wizard gestures at you while chanting.
The puff of frost hits you!
* * * LOW HITPOINT WARNING * * *
The orc priest hits you with a +0 dagger.
You die...

#....^..##.............
#...[...##.............
#.......##.............
#.......##.............
#.......##.............
#.......##.............
#...<..................
#.o.####.o.............
#.......o.s............
#..#....oooo.##########
#..#.###o#o#.# +.. .#
#.#o#.# #.. .# # #J#.#
#. #.#.# ....# #.#.#
....#


You could see an orc priest (very poisoned), an orc wizard (poisoned), an ooze
and 7 orcs.

Vanquished Creatures
  Jessica (D:2)
  Natasha (thrice) (D:2)
  Robin (D:2)
  2 adders
  A dart slug (D:1)
  A leopard gecko (D:2)
  An orc (D:3)
  3 giant cockroaches
  13 goblins
  6 hobgoblins
  2 jackals (D:1)
  3 kobolds
  A quokka (D:2)
  A ball python (D:2)
  A bat (D:1)
  A frilled lizard (D:2)
  4 rats
45 creatures vanquished.

Vanquished Creatures (others)
  A goblin (D:2)
1 creature vanquished.

Grand Total: 46 creatures vanquished

Notes
Turn   | Place    | Note
-------+----------+-------------------------------------------
     0 | D:1      | sankara the Minotaur Transmuter began the quest for the
                  | Orb.
     0 | D:1      | Reached XP level 1. HP: 16/16 MP: 1/1
   255 | D:1      | Reached XP level 2. HP: 23/23 MP: 0/3
   274 | D:1      | Learned a level 2 spell: Wereblood
  1030 | D:2      | Noticed Natasha
  1032 | D:2      | Noticed a crimson imp
  1041 | D:2      | Noticed a crimson imp
  1041 | D:2      | Killed Natasha
  1042 | D:2      | Reached skill level 4 in Unarmed Combat
  1042 | D:2      | Reached XP level 3. HP: 14/28 MP: 4/4
  1203 | D:2      | Noticed Jessica
  1363 | D:2      | Killed Jessica
  1364 | D:2      | Reached XP level 4. HP: 29/35 MP: 2/5
  1506 | D:2      | Noticed Robin
  1526 | D:2      | Killed Robin
  1688 | D:1      | Learned a level 3 spell: Spider Form
  2194 | D:2      | Noticed Natasha
  2269 | D:2      | Killed Natasha
  2270 | D:2      | Reached XP level 5. HP: 32/40 MP: 2/6
  2378 | D:2      | Noticed Natasha
  2384 | D:2      | Killed Natasha
  2385 | D:2      | Reached skill level 1 in Poison Magic
  3023 | D:3      | HP: 1/40 [orc wizard/puff of frost (15)]
  3023 | D:3      | Slain by an orc priest

Illustrated notes

Levels and vault maps discovered:
D:1:      amcnicky_arrival_gap_in_the_tavern_cellar, layout_loops_ring
D:2:      layout_rooms, minmay_misc_feat_roman, uniq_natasha, uniq_robin,
          uniq_jessica
D:3:      layout_basic, minitemple, minmay_fractal_squares_gapless_5

Skill      XL: |  1  2  3  4  5 |
---------------+----------------+-----
Transmutations | 2 3 |  3.3
Unarmed Combat | 4 |  4.8
Poison Magic   | 1 |  1.1
Fighting       | |  1.2
Dodging        | |  2.1
Spellcasting   | |  1.5

Action                   |  1- 3 |  4- 6 || total
-------------------------+-------+-------++-------
Melee: Unarmed           |    56 |    60 ||   116
       Kick              |     6 |     2 ||     8
       Headbutt          |     3 |       ||     3
       Punch             |       |     1 ||     1
 Cast: Beastly Appendage |     9 |     3 ||    12
       Wereblood         |     1 |     3 ||     4
       Spider Form       |       |     9 ||     9
 Stab: Sleeping          |     1 |       ||     1
Armor: Robe              |     8 |     3 ||    11
       Skin              |       |     1 ||     1
Dodge: Dodged            |    30 |    53 ||    83
